 Dungeon Sprint DCSS version 0.31.0-1-g2c135a0 (webtiles) character file.

Game seed: 15197141919482137975

15906 PurpleRed the Executioner (level 12, -2/201 HPs)
             Began as a Minotaur Berserker on Mar 8, 2024.
             Was the Champion of Trog.
             Slain by Kirke (17 damage)
             ... in the Dungeon (Sprint II: "The Violet Keep of Menkaure").
             The game lasted 00:20:06 (2398 turns).

PurpleRed the Executioner (Minotaur Berserker)      Turns: 2398, Time: 00:20:07

Health: -2/201     AC:  0    Str: 28    XL:     12   Next: 5%
Magic:  10/11      EV: 15    Int:  4    God:    Trog [******]
Gold:   1773       SH:  0    Dex:  9    Spells: 11/11 levels left

rFire   . . .        E - melded +8 frozen axe "Frostbite" {freeze, freezing cloud, *Noise Fly rC+}
rCold   . . .        (shield currently unavailable)
rNeg    . . .        d - melded +3 scale mail {rC+}
rPois   .            (helmet currently unavailable)
rElec   .            G - melded +1 cloak of Liberty {+Blink Str+2 Slay+5 Stlth-}
rCorr   .            H - melded +2 pair of gloves {infuse}
SInv    .            k - melded +0 pair of boots
Will    .....        l - amulet of magic regeneration Stlth
                     m - melded ring of protection from fire
HPRegen 0.53/turn    s - melded ring "Plog" {Fly rF++}
MPRegen 0.52/turn

%: no teleportation
@: berserking, pig-form, very quick
A: fast, no casting, small, (horns 2), (retaliatory headbutt)
a: Renounce Religion, Berserk, Trog's Hand, Brothers in Arms


You were in the Dungeon.
You worshipped Trog.
Trog was exalted by your worship.
You were a filthy swine.
You visited 1 branch You collected 3604 gold pieces.
You spent 1831 gold pieces at shops.

Inventory:

Hand Weapons
 a - a +0 hand axe
 c - the +4 trident of Ynapuh {flame, rN+}
   (You bought it in a shop in the Dungeon)

   rN+:       It protects you from negative energy.
 q - a +6 executioner's axe of flaming
 x - a +2 antimagic broad axe
 A - a +0 longbow
 E - the +8 frozen axe "Frostbite" (melded) {freeze, freezing cloud, *Noise Fly rC+}
   (You acquired it in the Dungeon)

   rC+:       It protects you from cold.
   Fly:       It grants you flight.
   *Noise:    It may make a loud noise when swung.
Missiles
 p - 2 throwing nets (quivered)
Armour
 b - a +0 animal skin
 d - a +3 scale mail of cold resistance (melded)
 e - the +4 cloak of Arij {Rampage rPois Int+3 Slay-4}
   (You bought it in a shop in the Dungeon)

   Int+3:     It affects your intelligence (+3).
   Slay-4:    It affects your accuracy & damage with ranged weapons and melee
   (-4).
   rPois:     It protects you from poison Rampage: It bestows one free step when
   moving towards enemies.
 k - a +0 pair of boots (melded)
 B - +0 fire dragon scales
 G - the +1 cloak of Liberty (melded) {+Blink Str+2 Slay+5 Stlth-}
   (You acquired it in the Dungeon)

   Str+2:     It affects your strength (+2).
   Slay+5:    It affects your accuracy & damage with ranged weapons and melee
   (+5).
   +Blink:    It lets you blink.
   Stlth-:    It makes you less stealthy.
 H - a +2 pair of gloves of infusion (melded)
Jewellery
 l - an amulet of magic regeneration (around neck)
 m - a ring of protection from fire (melded)
 s - the ring "Plog" (melded) {Fly rF++}
   (You bought it in a shop in the Dungeon)

   [ring of flight]

   rF++:      It greatly protects you from fire.
   Fly:       It grants you flight.
 y - a ring of ice
 F - the ring "Lovec" {rN+++ rCorr Str-4 Int+6 Dex+4 SInv}
   (You found it in the Dungeon)

   [ring of intelligence]

   Str-4:     It affects your strength (-4).
   Int+6:     It affects your intelligence (+6).
   Dex+4:     It affects your dexterity (+4).
   rN+++:     It renders you almost immune to negative energy.
   SInv:      It lets you see invisible.
   rCorr:     It protects you from acid and corrosion.
Scrolls
 h - 3 scrolls of blinking
 j - a scroll of amnesia
 o - a scroll of fog
 w - a scroll of fear
 D - a scroll of identify
Potions
 f - 5 potions of magic
 g - a potion of berserk rage
 i - 3 potions of curing
 n - 3 potions of might
 r - a potion of mutation
 t - 2 potions of cancellation
 u - a potion of invisibility
 v - 6 potions of enlightenment
 z - 3 potions of resistance
 C - a potion of heal wounds
 I - a potion of haste


   Skills:
 - Level 20.8 Fighting
 * Level 22.9(23.8) Axes
 - Level 11.4(18.5) Polearms
 - Level 15.0 Armour
 - Level 6.3 Dodging


You had 11 spell levels left.
You didn't know any spells.
Your spell library contained the following spells:

 Spells                   Type           Power      Damage    Failure   Level
 Necrotise                Necr           0%         1d4       50%         1
 Mercury Vapours          Alch/Air       0%         N/A       65%         2
 Dazzling Flash           Conj/Hex       0%         N/A       86%         3
 Mephitic Cloud           Conj/Alch/Air  0%         N/A       86%         3
 Vampiric Draining        Necr           0%         2d6       86%         3
 Volatile Blastmotes      Fire/Tloc      0%         2d10      86%         3
 Martyr's Knell           Necr/Summ      0%         N/A       99%         4
 Curse of Agony           Necr           0%         N/A       100%        5
 Freezing Cloud           Conj/Ice/Air   0%         6-21      100%        5
 Starburst                Conj/Fire      0%         6d3       100%        6
 Maxwell's Capacitive Co  Air            0%         ∞         100%        8


Dungeon Overview and Level Annotations

Branches:
Dungeon (1/1)

Altars:
Cheibriados
Dithmenos
Elyvilon
Fedhas
Gozag
Hepliaklqana
Kikubaaqudgha
Makhleb
Nemelex Xobeh
Okawaru
Qazlal
Ru
Sif Muna
Trog
Uskayaw
Vehumet
Wu Jian
Xom
Yredelemnul
Zin
The Shining One
Jiyva
Lugonu

Shops:
D !?:=[?:*!:((=:[

Annotations:
D exclusions: obsidian statue and oklob plant, Kirke


Innate Abilities, Weirdness & Mutations

You are a filthy swine.
You move quickly.
Your equipment is almost entirely melded.
You are incapable of wielding weapons or throwing items.
You cannot cast spells.
((You have a pair of horns on your head.))
((You reflexively headbutt those who attack you in melee.))


Message History

Your +0 pair of boots melds into your body.
Your +3 scale mail of cold resistance melds into your body.
Your ring of protection from fire melds into your body.
The ring "Plog" {Fly rF++} melds into your body.
You float gracefully downwards.
The +8 frozen axe "Frostbite" {freeze, freezing cloud, *Noise Fly rC+} stops glowing.
You feel magic leave your hands.
You feel less resistant to cold.
You float gracefully downwards.
The deep elf high priest mumbles some strange prayers to its god against you.
Something smites you!
Unknown command.
You closely miss Kirke.
You are engulfed in freezing vapours.
Kirke hits you!
You closely miss Kirke.
You are engulfed in freezing vapours.
The neqoxec misses you.
You closely miss the neqoxec.
You are engulfed in freezing vapours.
Kirke hits you.
You closely miss the neqoxec.
You are engulfed in freezing vapours.
The neqoxec gestures at you. Something gnaws on your mind!
You feel your power leaking away.
You bite the neqoxec!
The neqoxec is heavily wounded.
You are engulfed in freezing vapours.
The golden dragon bites you!!
* * * LOW HITPOINT WARNING * * *
The golden dragon claws you.
* * * LOW HITPOINT WARNING * * *
The golden dragon tramples you!
* * * LOW HITPOINT WARNING * * *
You hold your ground!
Kirke hits you!!
* * * LOW HITPOINT WARNING * * *
Unknown command.
You bite the neqoxec!
You feel the power of Trog in you as your rage grows.
You kill the neqoxec!
The neqoxec disappears in a puff of smoke!
You are engulfed in freezing vapours.
* * * LOW HITPOINT WARNING * * *
Unknown command.
Kirke attacks as she pursues you! Kirke hits you!
You die...

********************** #|..
*,,,,,,+,,*∩∩,∩∩+,+,,###|:.
*,,,,,,*,,*******,***#..)..
*+******+**,,****+***#..[..
*∩∩∩∩∩∩*,,+,**,,,,,,,##⌠...
*∩∩∩∩∩∩*,,***,,,,,,,,,##..(
#############c.+,,.,,,,,,,,##§†
#####C.C##YK.####,..,,,°,,##§§)
#####$2e.DzDD@h~##,..,..,*#[≈.)
###############~~#+++#+++#####.
##############~~~.........#..'.
#####........#~~~~.##+##..#..##
#####...⌠....#~~~~##.*.##.####.
#####..∩.∩...#~~~~#..#..#....#.
#####.∩.∩.∩..#~~###*#.#*###..##
#####∩...∩.∩.#~##.###'###.##..#
#####.∩...∩.∩#~#...##.##.#.#..#


You could see a bone dragon, Kirke, a golden dragon, a storm dragon, a frost
giant, an elephant, a skeletal warrior, a deep elf high priest and a kobold
demonologist.

Vanquished Creatures
  A deep elf master archer (D)
  2 sphinxes (D)
  A kraken (D)
  A crystal guardian (D)
  A fire dragon (D)
  A yaktaur captain (D)
  An iron elemental (D)
  A death yak (D)
  2 deep trolls (D)
  2 death drakes (D)
  3 manticores (D)
  2 slime creatures (D)
  A merfolk siren (D)
  2 cane toads (D)
  A yaktaur (D)
  5 polar bears (D)
  A hornet (D)
  5 wyverns (D)
  4 neqoxecs (D)
  2 redbacks (D)
  Menkaure (D)
  2 swamp drakes (D)
  4 crocodiles (D)
  5 scorpions (D)
  4 tentacles (D)
55 creatures vanquished.

Vanquished Creatures (others)
  A crocodile (D)
  3 tentacles (D)
4 creatures vanquished.

Grand Total: 59 creatures vanquished

Notes
Turn   | Place    | Note
-------+----------+-------------------------------------------
     0 | D        | PurpleRed the Minotaur Berserker began the quest for the
                  | Orb.
     0 | D        | Reached XP level 1. HP: 19/19 MP: 0/0
     1 | D        | Noticed a merfolk siren
    24 | D        | Killed a merfolk siren
    25 | D        | Reached skill level 13 in Axes
    25 | D        | Reached XP level 2. HP: 26/38 MP: 1/1
    25 | D        | Reached XP level 3. HP: 31/45 MP: 2/2
    25 | D        | Reached XP level 4. HP: 36/51 MP: 3/3
    25 | D        | Reached XP level 5. HP: 41/58 MP: 4/4
    25 | D        | Reached XP level 6. HP: 46/66 MP: 5/5
    94 | D        | Found Wyirruum's Book Boutique.
    94 | D        | Found Odey's Antique Weapon Shop.
    94 | D        | Found Puut's Distillery.
    94 | D        | Found Jufuc's Book Boutique.
    94 | D        | Found Ummobra's Assorted Antiques.
    95 | D        | Found Etriggee's Antique Armour Shop.
    95 | D        | Found Jiniruext's Antique Weapon Shop.
    95 | D        | Found Focleawy's Book Shop.
    96 | D        | Found Jaulif's Magic Scroll Boutique.
    97 | D        | Found Yvis's Jewellery Boutique.
    98 | D        | Found Qajibepn's Antique Armour Shop.
    98 | D        | Found Lutaudi's Jewellery Boutique.
    98 | D        | Noticed an oklob plant
    99 | D        | Found Cezxaut's Magic Scroll Shop.
    99 | D        | Found Onidgh's Distillery.
    99 | D        | Found Kushidda's Book Shoppe.
   106 | D        | Bought a transparent trident for 153 gold pieces
   106 | D        | Identified the +4 trident of Ynapuh {flame, rN+} (You
                  | bought it in a shop in the Dungeon)
   109 | D        | Noticed an ice dragon
   122 | D        | Reached ** piety under Trog
   123 | D        | Reached skill level 10 in Fighting
   184 | D        | Noticed a neqoxec
   184 | D        | Noticed a neqoxec
   184 | D        | Noticed a neqoxec
   184 | D        | Noticed a neqoxec
   187 | D        | Killed a neqoxec
   188 | D        | Reached skill level 5 in Armour
   188 | D        | Reached XP level 7. HP: 73/73 MP: 4/6
   189 | D        | Killed a neqoxec
   191 | D        | Killed a neqoxec
   194 | D        | Killed a neqoxec
   194 | D        | Reached *** piety under Trog
   247 | D        | Bought a glowing scale mail for 196 gold pieces
   274 | D        | Noticed a wyvern
   274 | D        | Noticed a wyvern
   277 | D        | Killed a wyvern
   278 | D        | Reached skill level 10 in Polearms
   278 | D        | Reached XP level 8. HP: 83/83 MP: 7/7
   333 | D        | Reached **** piety under Trog
   359 | D        | Bought a fine cloak for 266 gold pieces
   359 | D        | Identified the +4 cloak of Arij {Rampage rPois Int+3
                  | Slay-4} (You bought it in a shop in the Dungeon)
   440 | D        | Found a hazy altar of Hepliaklqana.
   440 | D        | Found a snail-covered altar of Cheibriados.
   441 | D        | Found a stormy altar of Qazlal.
   441 | D        | Found a viscous altar of Jiyva.
   441 | D        | Found a shadowy altar of Dithmenos.
   442 | D        | Found a sacrificial altar of Ru.
   442 | D        | Found an ancient bone altar of Kikubaaqudgha.
   442 | D        | Found a white marble altar of Elyvilon.
   443 | D        | Found an ornate altar of the Wu Jian Council.
   443 | D        | Found a shimmering blue altar of Sif Muna.
   443 | D        | Found a corrupted altar of Lugonu.
   443 | D        | Found a blossoming altar of Fedhas.
   444 | D        | Found a shimmering altar of Xom.
   444 | D        | Found a bloodstained altar of Trog.
   444 | D        | Found a burning altar of Makhleb.
   445 | D        | Found a glowing golden altar of the Shining One.
   445 | D        | Found a basalt altar of Yredelemnul.
   445 | D        | Found a hide-covered altar of Uskayaw.
   446 | D        | Found a glowing silver altar of Zin.
   447 | D        | Noticed a yaktaur
   447 | D        | Noticed a hornet
   447 | D        | Noticed a polar bear
   447 | D        | Noticed a polar bear
   451 | D        | Killed a polar bear
   452 | D        | Reached skill level 10 in Armour
   452 | D        | Noticed a polar bear
   457 | D        | Killed a polar bear
   459 | D        | Paralysed by a hornet for 2 turns
   464 | D        | Killed a hornet
   464 | D        | Reached ***** piety under Trog
   465 | D        | Reached XP level 9. HP: 94/94 MP: 8/8
   466 | D        | Killed a polar bear
   469 | D        | Killed a yaktaur
   516 | D        | Found a radiant altar of Vehumet.
   517 | D        | Noticed Menkaure
   572 | D        | Noticed a kraken
   590 | D        | Killed Menkaure
   860 | D        | Killed a kraken
   861 | D        | Reached skill level 15 in Armour
   861 | D        | Reached XP level 10. HP: 104/110 MP: 9/9
   952 | D        | Found a sparkling altar of Nemelex Xobeh.
   953 | D        | Found an iron altar of Okawaru.
   953 | D        | Found an opulent altar of Gozag.
   970 | D        | Noticed an obsidian statue
   987 | D        | Noticed a deep troll
   988 | D        | Noticed a deep troll
   993 | D        | Killed a deep troll
   995 | D        | Killed a deep troll
  1176 | D        | Noticed a sphinx
  1176 | D        | Noticed a sphinx
  1185 | D        | Killed a sphinx
  1185 | D        | Reached ****** piety under Trog
  1191 | D        | Killed a sphinx
  1192 | D        | Reached skill level 14 in Axes
  1192 | D        | Reached skill level 5 in Dodging
  1313 | D        | Noticed a crystal guardian
  1333 | D        | Noticed a death drake
  1344 | D        | Killed a death drake
  1344 | D        | Received a gift from Trog
  1345 | D        | Reached XP level 11. HP: 97/126 MP: 10/10
  1465 | D        | Noticed a death drake
  1478 | D        | Killed a death drake
  1479 | D        | Reached skill level 15 in Axes
  1598 | D        | Killed a crystal guardian
  1599 | D        | Reached skill level 16 in Axes
  1661 | D        | Noticed an iron elemental
  1666 | D        | Killed an iron elemental
  1667 | D        | Reached skill level 17 in Axes
  1696 | D        | Noticed a fire dragon
  1701 | D        | Killed a fire dragon
  1702 | D        | Reached skill level 18 in Axes
  1785 | D        | Bought a potion of heal wounds for 65 gold pieces
  1789 | D        | Bought 2 scrolls of identify for 44 gold pieces
  1789 | D        | Bought a scroll of blinking for 82 gold pieces
  1790 | D        | Noticed a frost giant
  1790 | D        | Noticed a deep elf high priest
  1790 | D        | Noticed a bone dragon
  1790 | D        | Noticed a centaur warrior
  1790 | D        | Noticed Kirke
  1790 | D        | Noticed a cacodemon
  1790 | D        | Noticed a storm dragon
  1790 | D        | Noticed a golden dragon
  1790 | D        | Noticed a skeletal warrior
  1790 | D        | Noticed a yaktaur captain
  1899 | D        | Bought a scroll of enchant weapon for 105 gold pieces
  1899 | D        | Bought a scroll of enchant weapon for 105 gold pieces
  1899 | D        | Bought a scroll of enchant weapon for 105 gold pieces
  1908 | D        | Bought the ring "Plog" {Fly rF++} for 462 gold pieces
  1968 | D        | Noticed a deep elf master archer
  2062 | D        | Killed a deep elf master archer
  2063 | D        | Reached skill level 19 in Axes
  2190 | D        | Received a gift from Trog
  2202 | D        | Noticed a death yak
  2208 | D        | Reached skill level 20 in Axes
  2211 | D        | Killed a death yak
  2211 | D        | Received a gift from Trog
  2212 | D        | Reached skill level 21 in Axes
  2222 | D        | Reached skill level 22 in Axes
  2278 | D        | Identified the ring "Lovec" {rN+++ rCorr Str-4 Int+6 Dex+4
                  | SInv}
  2296 | D        | Identified 4 scrolls of acquirement
  2296 | D        | Acquired the +1 cloak of Liberty {+Blink Str+2 Slay+5
                  | Stlth-}
  2298 | D        | Acquired a +2 pair of gloves of infusion
  2305 | D        | Acquired the +8 frozen axe "Frostbite" {freeze, freezing
                  | cloud, *Noise Fly rC+}
  2305 | D        | Found the +8 frozen axe "Frostbite" {freeze, freezing
                  | cloud, *Noise Fly rC+}
  2306 | D        | Acquired 1170 gold pieces
  2355 | D        | Bought a potion of might for 52 gold pieces
  2360 | D        | Bought a scroll of fog for 56 gold pieces
  2362 | D        | Bought a potion of haste for 140 gold pieces
  2389 | D        | Killed a yaktaur captain
  2390 | D        | Reached XP level 12. HP: 122/134 MP: 9/11
  2398 | D        | Slain by Kirke

Illustrated notes

Levels and vault maps discovered:
D:        the_violet_keep_of_menkaure [sprint2_stairs_cluster_1,
          sprint2_shoproom, sprint2_temple, sprint2_basic_supplies,
          sprint2_obstacle_6, sprint2_obstacle_3, sprint2_obstacle_2,
          sprint2_obstacle_4, sprint2_obstacle_5, sprint2_timed_cluster_1,
          sprint2_smallroom_cluster_1, sprint2_smallroom_final_cluster_1,
          sprint2_transparent_cluster_1, sprint2_second_timed_cluster_1,
          sprint2_sniper_area_1, sprint2_heavy_combat_area_1,
          sprint2_mutation_trap_area_1, sprint2_forest_area_1,
          sprint2_light_combat_area_1, sprint2_behind_water_1,
          sprint2_near_end_vault_1]

Skill      XL: |  1  2  3  4  5  6  7  8  9 10 11 |
---------------+----------------------------------+-----
Fighting       | 9 10 12 13 16 20 | 20.8
Axes           | 13 14 22 | 22.9
Polearms       | 6 10 11 | 11.4
Armour         | 5 7 11 15 | 15.0
Dodging        | 6 |  6.3

Action                     |  1- 3 |  4- 6 |  7- 9 | 10-12 || total
---------------------------+-------+-------+-------+-------++-------
  Melee: Hand axe          |    19 |       |       |       ||    19
         Headbutt          |     1 |       |    15 |    13 ||    29
         Trident           |       |     5 |    77 |    33 ||   115
         Punch             |       |       |     1 |       ||     1
         Executioner's axe |       |       |       |    48 ||    48
         Unarmed           |       |       |       |     6 ||     6
 Invoke: Berserk           |       |     2 |     5 |     8 ||    15
    Use: Potion            |     3 |       |       |       ||     3
         Scroll            |       |       |     7 |    13 ||    20
 Armour: Animal skin       |     2 |     2 |       |       ||     4
         Scale mail        |       |       |    48 |    79 ||   127
         Skin              |       |       |       |    13 ||    13
  Dodge: Dodged            |     1 |     1 |    21 |    34 ||    57
